AoeStats
← Skallagrime

Arabia

509650454Analyzed
1v1 RM · 4d ago on Sep 27, 2026· 80m 10s· 2 players
Game mode
Random Map
Map size
Tiny (2 player)
Population
200
Speed
Normal
Resources
Standard
Victory
Conquest
Starting age
Dark Age
Ending age
Imperial Age
RankedLock teamsTeams togetherTeam positionsShared explorationLock speedFull tech treeHidden civsTurbo modeCheats
Victory
Defeat
🇺🇸 Inca · United States
623
+14
🇮🇱 Persians · Israel
587
-20
1omerron
0:28 Loom
10:50 Feudal Age
12:28 Horse Collar
12:51 Double-Bit Axe
16:23 Wheelbarrow
17:56 Gold Mining
21:07 Bloodlines
22:14 Scale Barding Armor
25:02 Castle Age
24:44 Stone Mining
25:42 Padded Archer Armor
25:44 Scale Mail Armor
26:05 Chain Barding Armor
25:57 Forging
25:45 Fletching
27:14 Crossbowman
31:13 Gold Shaft Mining
31:15 Stone Shaft Mining
32:10 Hand Cart
31:42 Town Watch
33:29 Thumb Ring
35:25 Leather Archer Armor
35:06 Bodkin Arrow
35:47 Iron Casting
35:27 Chain Mail Armor
35:43 Heavy Plow
35:58 Bow Saw
36:34 Town Patrol
36:36 Light Cavalry
37:19 Husbandry
41:21 Imperial Age
41:19 Kamandaran
41:35 Cavalier
43:23 Blast Furnace
44:25 Savar
47:05 Two-Man Saw
46:41 Crop Rotation
49:25 Ballistics
50:11 Chemistry
49:51 Devotion
50:30 Theocracy
49:56 Herbal Medicine
50:20 Block Printing
50:18 Fervor
52:29 Faith
53:34 Plate Barding Armor
53:30 Plate Mail Armor
53:31 Ring Archer Armor
52:29 Hussar
65:13 Capped Ram
67:28 Siege Ram
Skallagrime
5:03 Loom
11:20 Feudal Age
12:18 Double-Bit Axe
12:43 Horse Collar
18:21 Wheelbarrow
17:39 Gold Mining
17:41 Stone Mining
18:43 Town Watch
26:42 Castle Age
24:36 Fletching
25:34 Padded Archer Armor
25:36 Scale Mail Armor
25:49 Forging
27:22 Bodkin Arrow
28:10 Bow Saw
29:33 Heavy Plow
30:13 Andean Sling
30:42 Hand Cart
31:52 Gold Shaft Mining
35:05 Imperial Age
32:28 Treadmill Crane
32:59 Masonry
32:45 Murder Holes
33:02 Squires
33:53 Town Patrol
33:40 Champi Runner
35:03 Thumb Ring
36:15 Leather Archer Armor
36:01 Arson
36:03 Crossbowman
36:34 Pikeman
38:52 Crop Rotation
39:36 Ballistics
40:36 Conscription
40:18 Capped Ram
41:17 Bracer
43:27 Chemistry
42:35 Siege Engineers
43:35 Elite Skirmisher
44:21 Fabric Shields
44:42 Chain Mail Armor
46:43 Stone Shaft Mining
46:23 Guilds
46:45 Ring Archer Armor
45:47 Champi Warrior
46:49 Halberdier
47:31 Elite Champi Warrior
49:29 Plate Mail Armor
50:33 Iron Casting
51:01 Siege Ram
57:12 Chemistry
59:17 Blast Furnace
58:51 Elite Kamayuk
68:25 Sappers
Connection lost

Rejoining the realm…

Still unreachable

The connection could not be restored.

Session expired

The server has moved on; the page needs a fresh start.